Map: Blackburn LE

Players

HeroMarine

  • Race: Terran Terran

Serral - Winner!

  • Race: Zerg Zerg

Event: DreamHack SC2 Masters 2021 Fall

VOD

Have the link to the VOD?

Description

Time

  • Played on: Aug. 14, 2021, 12:04 p.m.
  • Length: 9:39

All games in this series

Show
View Real Time Build Order
Export as new Build Order

HeroMarine Terran 

Build Orders: Reaper Expand 

Get SALT Encoding   

  12  0:00  SCV  
  13  0:12  SCV  
  14  0:17  Supply Depot  
  14  0:24  SCV  
  15  0:38  SCV  
  15  0:39  Barracks  
  16  0:43  Refinery  
  16  0:50  SCV  
  17  1:02  SCV  
  18  1:15  SCV  
  19  1:26  Reaper  
  19  1:27  Orbital Command  
  20  1:40  Command Center  
  20  1:49  Supply Depot  
  20  1:52  SCV  
  21  1:58  Marine  
  22  2:04  SCV  
  23  2:08  Factory  
  23  2:16  SCV  
  23  2:18  Refinery  
  23  2:20  Barracks Reactor  
  24  2:28  SCV  
  25  2:41  SCV  
  26  2:52  Orbital Command  
  26  2:53  SCV  
  26  2:55  Starport  
  26  2:56  Marine x2  
  26  2:58  Factory Tech Lab  
  29  3:05  SCV  
  30  3:14  Marine x2  
  30  3:17  SCV  
  36  3:20  SCV  
  36  3:22  Supply Depot  
  36  3:24  Hellion  
  36  3:29  SCV  
  36  3:31  Medivac  
  36  3:32  Marine x2, SCV  
  42  3:41  SCV  
  42  3:44  SCV  
  42  3:46  Supply Depot  
  44  3:49  Hellion  
  44  3:53  SCV  
  49  3:56  SCV  
  49  4:00  Liberator  
  50  4:05  SCV  
  50  4:09  SCV  
  52  4:10  Supply Depot  
  52  4:14  Stimpack  
  52  4:16  Hellion x2  
  56  4:17  SCV  
  56  4:21  SCV  
  59  4:31  SCV  
  59  4:32  Command Center  
  59  4:33  SCV  
  59  4:37  Hellion x2  
  64  4:43  SCV  
  64  4:45  SCV  
  66  4:46  Barracks  
  66  4:51  Supply Depot, Factory  
  66  4:52  Barracks  
  66  4:57  SCV, Supply Depot  
  66  4:58  SCV  
  68  5:04  Marine, Starport Reactor  
  69  5:09  SCV  
  69  5:13  SCV  
  71  5:14  Factory Tech Lab  
  71  5:17  Engineering Bay x2  
  71  5:21  Refinery  
  71  5:22  Marine, Refinery  
  71  5:23  SCV  
  71  5:25  SCV  
  74  5:35  SCV  
  75  5:37  SCV  
  76  5:43  Siege Tank  
  76  5:46  SCV  
  76  5:47  SCV  
  76  5:48  Marine  
  76  5:49  Marine x2  
  82  5:51  Marine  
  82  5:52  Marine  
  82  5:54  Starport Reactor  
  82  5:56  Terran Infantry Armor Level 1, Terran Infantry Weapons Level 1  
  82  5:57  Barracks  
  86  6:00  SCV x2  
  86  6:02  Barracks  
  88  6:07  Marine x3  
  88  6:09  Marine  
  93  6:12  SCV x2  
  93  6:13  Marine  
  93  6:16  Siege Tank  
  93  6:18  Combat Shield  
  98  6:24  SCV  
  98  6:25  Marine, SCV  
  101  6:30  Marine x3, Orbital Command  
  101  6:31  Marine, Supply Depot  
  105  6:38  SCV x2  
  107  6:42  Medivac  
  109  6:47  Barracks Reactor  
  109  6:49  Barracks Reactor  
  109  6:50  Marine x5  
  109  6:52  Medivac  
  111  6:58  Missile Turret x2  
  109  7:01  Siege Tank  
  109  7:04  SCV x2  
  109  7:05  SCV  
  109  7:08  Marine x2  
  117  7:12  Supply Depot  
  117  7:15  Marine x3, Supply Depot  
  116  7:19  Medivac  
  116  7:25  Marine x4  
  116  7:27  Marine x2  
  116  7:28  Medivac  
  124  7:33  Marine x3  
  127  7:39  Armory  
  127  7:43  Marine x3, SCV x3  
  133  7:46  Marine x2  
  133  7:48  Medivac  
  133  7:49  Marine  
  133  7:50  Marine, Siege Tank  
  139  7:51  Marine  
  139  7:52  Marine  
  139  7:53  Refinery  
  141  8:05  Supply Depot  
  141  8:08  Marine x3, SCV  
  145  8:13  Marine x2  
  145  8:15  Marine x2  
  145  8:19  Marine  
  149  8:23  Marine, Widow Mine, Medivac  
  149  8:26  Marine  
  149  8:27  Marine x2, Medivac  
  149  8:30  Marine  
  149  8:31  Marine  
  149  8:33  Marine x2  
  152  8:36  Marine  
  152  8:40  Refinery  
  152  8:41  Marine  
  154  8:44  Marine, Widow Mine  
  157  8:50  Marine x4  
  157  8:51  Marine x2  
  157  8:54  Marine  
  161  8:56  Bunker  
  161  8:58  Marine, Medivac  
  161  9:01  Marine  
  165  9:09  Marine x2  
  165  9:10  Marine x2  
  165  9:11  Marine x2  
  165  9:12  Marine  
  165  9:16  Marine  
  143  9:19  Marine  
  143  9:23  SCV  
  121  9:26  SCV  
Show
View Real Time Build Order
Export as new Build Order

Serral Zerg - Winner!

Build Orders: Hatch First 

Get SALT Encoding   

  12  0:00  Drone  
  13  0:12  Overlord  
  13  0:16  Drone  
  14  0:30  Drone x2  
  16  0:48  Hatchery  
  15  0:50  Drone  
  15  0:54  Drone  
  17  0:58  Drone  
  18  1:08  Extractor  
  17  1:13  Spawning Pool  
  17  1:16  Drone  
  17  1:19  Drone  
  18  1:27  Drone  
  19  1:38  Drone  
  20  1:50  Overlord  
  20  1:59  Queen x2  
  20  2:00  Zergling x4  
  26  2:10  Drone  
  26  2:11  Metabolic Boost, Drone  
  28  2:21  Drone x2  
  30  2:35  Queen, Overlord  
  30  2:36  Drone  
  33  2:42  Drone  
  33  2:43  Drone  
  34  2:53  Drone  
  34  2:58  Hatchery  
  34  3:03  Overlord  
  34  3:04  Drone x2  
  36  3:11  Drone x3  
  39  3:14  Drone  
  39  3:15  Drone  
  39  3:17  Drone  
  39  3:19  Drone  
  43  3:24  Queen  
  45  3:30  Queen  
  45  3:34  Overlord  
  47  3:36  Drone  
  47  3:38  Drone  
  49  3:42  Extractor  
  49  3:44  Drone x3  
  49  3:46  Drone  
  52  3:48  Overlord  
  52  4:01  Drone x4  
  56  4:04  Queen  
  56  4:06  Queen  
  60  4:12  Drone  
  60  4:13  Evolution Chamber x2  
  59  4:18  Drone x2  
  59  4:22  Overlord  
  59  4:24  Zergling x6  
  63  4:28  Overlord  
  63  4:31  Zergling x4  
  63  4:34  Zergling x2  
  63  4:35  Overlord  
  65  4:42  Zerg Melee Weapons Level 1, Zerg Ground Armor Level 1  
  65  4:48  Zergling x2  
  65  4:49  Drone x4  
  65  4:50  Drone  
  71  4:54  Drone  
  71  4:55  Spore Crawler, Drone  
  71  4:59  Lair  
  72  5:02  Drone  
  72  5:04  Drone  
  74  5:07  Overlord  
  74  5:09  Drone  
  74  5:12  Drone x3  
  74  5:13  Drone x2  
  79  5:16  Extractor  
  79  5:17  Extractor  
  79  5:20  Baneling Nest  
  76  5:23  Zergling x6  
  76  5:24  Drone x3  
  82  5:29  Overlord  
  82  5:33  Drone x2  
  84  5:36  Extractor  
  83  5:43  Hatchery  
  83  5:46  Zergling x4  
  83  5:47  Drone  
  83  5:48  Drone x4, Overlord  
  89  5:53  Overlord  
  89  5:54  Drone x2  
  89  5:57  Drone  
  91  5:58  Overlord  
  91  6:00  Drone  
  91  6:02  Centrifical Hooks  
  92  6:08  Drone  
  92  6:09  Zergling x4, Hydralisk Den  
  92  6:10  Zergling x2  
  95  6:15  Zergling x4  
  95  6:17  Baneling x7  
  97  6:19  Zergling x2  
  97  6:23  Zergling x2  
  99  6:26  Zergling x6  
  99  6:27  Zergling x10  
  99  6:30  Zergling x2  
  108  6:33  Zergling x4  
  108  6:38  Zerg Melee Weapons Level 2, Zerg Ground Armor Level 2  
  110  6:44  Muscular Augments  
  110  6:53  Zergling x10  
  112  7:00  Baneling x2  
  114  7:03  Overlord x5  
  114  7:04  Zergling x4  
  116  7:11  Zergling x2  
  116  7:12  Zergling x10  
  122  7:16  Overlord  
  122  7:21  Overlord  
  122  7:24  Hydralisk x5  
  122  7:28  Hydralisk x3  
  138  7:34  Overlord, Hydralisk x3  
  142  7:38  Zergling x6  
  142  7:39  Zergling x2  
  142  7:42  Baneling x7  
  146  7:46  Zergling x8  
  146  7:48  Zergling x2  
  147  7:51  Baneling  
  147  7:52  Baneling x4  
  147  7:53  Zergling x4  
  147  7:56  Grooved Spines  
  148  7:59  Zergling x4  
  148  8:01  Zergling x20  
  148  8:03  Baneling x3  
  160  8:10  Baneling x6  
  160  8:17  Zergling x16  
  166  8:24  Zergling x4  
  155  8:34  Hydralisk x5  
  151  8:35  Zergling x14  
  167  8:47  Baneling x8  
  166  8:50  Zergling x12  
  172  8:57  Zergling x10  
  172  9:00  Baneling x2  
  172  9:01  Baneling x3  
  174  9:05  Zergling x20  
  172  9:15  Zergling x10  
  172  9:16  Baneling x6  

Tags
 
Add a new tag
Caveats
  • Supply blocks, unpowered buildings, or Contaminate may cause inaccurate times.
  • Supply counts are checked every 10 seconds.